 Dungeon Crawl Stone Soup version 0.28-a0-1130-gc51a68064b (webtiles) character file.

Game seed: 1488538556713285527

16523 ducksouse the Fighter (level 12, -4/111 HPs)
             Began as a Minotaur Fighter on Dec 12, 2021.
             Was the Champion of Fedhas.
             Killed by divine providence
             ... invoked by Saint Roka
              (16 damage)
             ... on level 2 of the Orcish Mines.
             The game lasted 00:46:09 (12824 turns).

ducksouse the Fighter (Minotaur Fighter)           Turns: 12824, Time: 00:46:10

Health: -4/111     AC: 20    Str: 25    XL:     12   Next: 10%
Magic:  4/13       EV: 16    Int:  4    God:    Fedhas [******]
Gold:   617        SH:  0    Dex: 32    Spells: 11/11 levels left

rFire   . . .      SeeInvis .   w - +6 battleaxe "Dioxeo" {spect, Dex+6}
rCold   + . .      Faith    .   (shield currently unavailable)
rNeg    . . .      Spirit   .   b - +1 scale mail of Moebbout {+Blink Str+2 Dex+5 Slay+5}
rPois   .          Reflect  .   (helmet restricted)
rElec   .          Harm     .   (no cloak)
rCorr   .          Rampage  .   x - +3 Mad Mage's Maulers {Infuse+โˆž RegenMP Int-3}
Will    .....                   s - +0 pair of boots
Stlth   +.........              g - amulet of Xigixt {RegenMP rC+ Dex+4}
HPRegen 0.28/turn               z - +4 ring of protection
MPRegen 0.93/turn               u - +6 ring of dexterity

@: no status effects
A: horns 2, retaliatory headbutt
a: Renounce Religion, Evoke Blink, Wall of Briars, Grow Ballistomycete,
Overgrow, Grow Oklob


You were on level 2 of the Orcish Mines.
You worshipped Fedhas.
Fedhas was exalted by your worship.
You visited 2 branches of the dungeon, and saw 13 of its levels.

You collected 1410 gold pieces.
You spent 793 gold pieces at shops.

Inventory:

Hand Weapons
 a - a +0 long sword of chaos
 m - a +1 vampiric dagger
 w - the +6 battleaxe "Dioxeo" (weapon) {spect, Dex+6}
   (You found it on level 9 of the Dungeon)

   When its wielder attacks, the weapon's spirit leaps out and strikes again.
   The spirit shares a part of any damage it takes with its wielder.
   Dex:       It affects your dexterity (+6).
 y - a +1 vorpal falchion
Missiles
 v - 5 javelins
Armour
 b - the +1 scale mail of Moebbout (worn) {+Blink Str+2 Dex+5 Slay+5}
   (You bought it in a shop on level 2 of the Orcish Mines)

   Str:       It affects your strength (+2).
   Dex:       It affects your dexterity (+5).
   Slay:      It affects your accuracy & damage with ranged weapons and melee
   (+5).
   +Blink:    It lets you blink.
 c - a +0 buckler
 f - a +0 troll leather armour
 s - a +0 pair of boots (worn)
 x - the +3 Mad Mage's Maulers (worn) {Infuse+โˆž RegenMP Int-3}
   (You found it on level 5 of the Dungeon)

   It empowers its wearer's blows with all of their magic.
   It causes its wearer's magical reserves to regenerate more quickly.
   Int:       It affects your intelligence (-3).
 H - +1 shadow dragon scales
Jewellery
 d - an amulet of reflection
 g - the amulet of Xigixt (around neck) {RegenMP rC+ Dex+4}
   (You acquired it on level 6 of the Dungeon)

   [amulet of magic regeneration]

   It increases your rate of magic regeneration.
   Dex:       It affects your dexterity (+4).
   rC:        It protects you from cold.
 k - a ring of ice
 u - a +6 ring of dexterity (right hand)
 z - a +4 ring of protection (left hand)
 A - a ring of see invisible
 B - a ring of wizardry
 G - an amulet of the acrobat
Wands
 o - a wand of polymorph (8)
 C - a wand of iceblast (3)
 I - a wand of flame (31) (quivered)
Scrolls
 e - 3 scrolls of teleportation
 j - 2 scrolls of immolation
Potions
 l - 3 potions of brilliance
 n - 2 potions of flight
 p - 2 potions of lignification {unknown}
 q - 2 potions of attraction
 r - a potion of might
 t - a potion of magic {unknown}
 D - 2 potions of cancellation
 F - a potion of mutation {unknown}


   Skills:
 + Level 11.6 Fighting
 - Level 10.3 Long Blades
 * Level 7.3 Axes
 + Level 11.6 Armour
 * Level 6.1 Dodging
 - Level 10.8 Shields
 + Level 3.7 Invocations


You had 11 spell levels left.
You didn't know any spells.
Your spell library contained the following spells:

 Spells                   Type           Power      Damage    Failure   Level
 Passage of Golubria      Tloc           0%         N/A       100%        4
 Silence                  Hex/Air        0%         N/A       100%        5
 Summon Forest            Summ/Tloc      0%         N/A       100%        5
 Summon Mana Viper        Hex/Summ       0%         N/A       100%        5
 Summon Cactus Giant      Summ           0%         N/A       100%        6
 Lehudib's Crystal Spear  Conj/Erth      0%         10d2      100%        8


Dungeon Overview and Level Annotations

Branches:
Dungeon (11/15)            Temple (0/1) D:5             Orc (2/2) D:10
    Elf (0/3) Orc:2
   Lair: D:8-11

Altars:
Fedhas
Nemelex Xobeh
Qazlal
Beogh

Shops:
D:2 !   D:9 (   Orc:1 (   Orc:2 [

Annotations:
Orc:1 Nergalle
Orc:2 Saint Roka


Innate Abilities, Weirdness & Mutations

You have a pair of horns on your head.
You reflexively headbutt those who attack you in melee.


Message History

The orc no longer looks unusually strong.
The troll bites you but does no damage. The troll claws you.
The troll closely misses you.
An orc sorcerer comes into view. It is wielding a +0 dagger.
You closely miss the troll. You headbutt the troll!
The troll is lightly wounded.
You slash the orc sorcerer!
You kill the orc sorcerer!
Fedhas appreciates your contribution to the ecosystem.
The orange demon disappears in a puff of smoke!
Your +6 battleaxe "Dioxeo" {spect, Dex+6} hits the troll!
Your +6 battleaxe "Dioxeo" {spect, Dex+6} hits the orc!
You kill the orc!
Fedhas appreciates your contribution to the ecosystem.
Your +6 battleaxe "Dioxeo" {spect, Dex+6} hits the orc warrior!!
The orc warrior no longer looks unusually strong.
Saint Roka invokes the aid of Beogh against you.
Beogh smites you!
* * * LOW HITPOINT WARNING * * *
The troll barely misses you. You furiously retaliate!
You headbutt the troll. The troll completely misses you.
The troll closely misses you.
The warg bites your +6 battleaxe "Dioxeo" {spect, Dex+6}.
Your spectral weapon shares its damage with you!
* * * LOW HITPOINT WARNING * * *
The orc warrior misses your +6 battleaxe "Dioxeo" {spect, Dex+6}.
Saint Roka invokes the aid of Beogh against you.
Beogh smites you!
* * * LOW HITPOINT WARNING * * *
You slice the troll!!
You kill the troll!
Fedhas appreciates your contribution to the ecosystem.
An orc wizard comes into view. It is wielding a +0 dagger.
The warg barely misses you. You furiously retaliate!
You headbutt the warg.
The orc wizard moves out of view.
The orc warrior no longer looks unusually strong.
The warg bites you but does no damage.
Saint Roka invokes the aid of Beogh against you.
Beogh smites you!
You die...
Fedhas appreciates your contribution to the ecosystem.

........8.'o...o..o
..........)).o..h8.
........8)).h.o....
........))#.8##+###
..........####
...........#
##+###....ยง##
#....oo##########..
#..###.oo.h@......#
#.# ##############
#. #.


You could see Saint Roka (resistant), a warg, an orc sorcerer, an orc warrior
and an orc.

Vanquished Creatures
  Josephine (Orc:1)
  Fannar (D:10)
  Erica (Orc:1)
  2 two-headed ogres
  An orc high priest (Orc:1)
  2 orc knights (Orc:2)
  Pikel (D:6)
  An orc sorcerer (Orc:2)
  A cyclops (D:10)
  Maurice (Orc:2)
  3 trolls (Orc:2)
  2 hornets
  Grinder (D:3)
  A meliai zombie (D:10)
  4 wraiths
  3 yaks (D:9)
  3 steam dragons (D:7)
  A fire elemental (Orc:1)
  Grum (D:8)
  A warg (Orc:2)
  An acid dragon (D:10)
  2 black bears
  20 orc warriors
  A sky beast (D:8)
  An ice beast (D:8)
  2 necrophages (D:6)
  4 wolves (D:8)
  8 ogres
  6 centaurs
  A lemure (D:6)
  3 bullfrogs
  A kobold brigand (D:7)
  A scorpion (D:5)
  A wyvern zombie (D:6)
  7 killer bees (D:9)
  3 howler monkeys
  8 wights
  A bullfrog zombie (D:7)
  7 centaur zombies
  A jelly (D:7)
  5 hounds
  15 orc priests
  A centaur skeleton (D:4)
  2 iguanas (D:6)
  17 orc wizards
  A killer bee zombie (D:7)
  Robin (D:3)
  A howler monkey zombie (D:9)
  5 gnolls
  2 howler monkey skeletons
  10 adders
  An ufetubus (D:5)
  3 worms
  A dart slug (D:1)
  77 orcs
  7 endoplasms
  3 giant cockroaches
  20 goblins
  5 hobgoblins
  12 jackals
  6 quokkas
  4 ball pythons
  6 bats
  4 frilled lizards
  10 kobolds
  7 rats
337 creatures vanquished.

Vanquished Creatures (collateral kills)
  An orc warrior (Orc:1)
  An ogre (D:5)
  An iguana (D:5)
  An orc (Orc:1)
4 creatures vanquished.

Grand Total: 341 creatures vanquished

Notes
Turn   | Place    | Note
-------+----------+-------------------------------------------
     0 | D:1      | ducksouse the Minotaur Fighter began the quest for the Orb.
     0 | D:1      | Reached XP level 1. HP: 19/19 MP: 0/0
   358 | D:1      | Reached XP level 2. HP: 27/27 MP: 1/1
   750 | D:1      | Found a faded altar of an unknown god.
   984 | D:1      | Prayed at the altar of an unknown god.
   984 | D:1      | Became a worshipper of Fedhas Madash
   984 | D:1      | Reached * piety under Fedhas
  1031 | D:2      | Found Oraqi's Distillery.
  1039 | D:2      | Bought a potion of curing for 30 gold pieces
  1140 | D:2      | Reached XP level 3. HP: 27/33 MP: 2/2
  1630 | D:2      | Reached XP level 4. HP: 41/41 MP: 3/3
  1640 | D:2      | Found a stormy altar of Qazlal.
  1647 | D:2      | Reached ** piety under Fedhas
  2557 | D:3      | Noticed Grinder
  2566 | D:3      | Paralysed by Grinder for 3 turns
  2574 | D:3      | Killed Grinder
  2575 | D:3      | Reached skill level 5 in Fighting
  2575 | D:3      | Reached skill level 5 in Armour
  2575 | D:3      | Reached skill level 5 in Shields
  2575 | D:3      | Reached XP level 5. HP: 36/48 MP: 4/4
  2575 | D:3      | Reached XP level 6. HP: 42/56 MP: 5/5
  2887 | D:3      | Noticed Robin
  2893 | D:3      | Killed Robin
  3435 | D:4      | Reached *** piety under Fedhas
  3546 | D:4      | Reached skill level 5 in Long Blades
  3625 | D:4      | Reached XP level 7. HP: 56/62 MP: 6/6
  4306 | D:4      | Reached **** piety under Fedhas
  4399 | D:5      | Entered Level 5 of the Dungeon
  4411 | D:5      | Found a sparkling altar of Nemelex Xobeh.
  4423 | D:5      | Found a staircase to the Ecumenical Temple.
  4900 | D:5      | Found the +3 Mad Mage's Maulers {Infuse+โˆž RegenMP Int-3}
  5145 | D:5      | Noticed a hornet
  5149 | D:5      | Paralysed by a hornet for 3 turns
  5154 | D:5      | Reached XP level 8. HP: 43/71 MP: 7/7
  5154 | D:5      | Killed a hornet
  5843 | D:6      | Identified a scroll of acquirement
  5860 | D:6      | Acquired the amulet of Xigixt {RegenMP rC+ Dex+4}
  6093 | D:6      | Noticed Pikel
  6111 | D:6      | Killed Pikel
  6121 | D:6      | Reached XP level 9. HP: 67/81 MP: 1/8
  7444 | D:8      | Noticed a two-headed ogre
  7465 | D:8      | Killed a two-headed ogre
  7466 | D:8      | Reached XP level 10. HP: 62/91 MP: 1/9
  7819 | D:8      | Reached ***** piety under Fedhas
  7858 | D:8      | Noticed Grum
  7877 | D:8      | Killed Grum
  8651 | D:9      | Reached skill level 10 in Shields
  8656 | D:9      | Reached skill level 10 in Fighting
  8656 | D:9      | Reached skill level 10 in Armour
  9205 | D:9      | Identified the +6 battleaxe "Dioxeo" {spect, Dex+6}
  9362 | D:9      | Found Womush's Antique Weapon Shop.
  9524 | D:10     | Entered Level 10 of the Dungeon
  9546 | D:10     | Reached skill level 10 in Long Blades
  9615 | D:10     | Reached skill level 1 in Axes
  9721 | D:10     | Found a staircase to the Orcish Mines.
 10266 | D:10     | Noticed a cyclops
 10273 | D:10     | Killed a cyclops
 10274 | D:10     | Reached skill level 1 in Dodging
 10335 | D:10     | Reached XP level 11. HP: 101/101 MP: 1/10
 10337 | D:10     | Noticed a two-headed ogre
 10344 | D:10     | Killed a two-headed ogre
 10485 | D:10     | Noticed Fannar
 10508 | D:10     | Killed Fannar
 10509 | D:10     | Reached skill level 1 in Invocations
 10772 | Orc:1    | Entered Level 1 of the Orcish Mines
 10772 | Orc:1    | Found Hasacudoiw's Antique Weapon Shop.
 10780 | Orc:1    | Noticed an orc high priest
 10787 | Orc:1    | Killed an orc high priest
 10963 | Orc:1    | Noticed Nergalle
 11308 | Orc:1    | Reached ****** piety under Fedhas
 11442 | Orc:1    | Reached skill level 5 in Axes
 11736 | Orc:1    | Noticed Josephine
 11744 | Orc:1    | Killed Josephine
 11886 | Orc:1    | Noticed Erica
 11896 | Orc:1    | Killed Erica
 12250 | Orc:2    | Entered Level 2 of the Orcish Mines
 12263 | Orc:2    | Reached skill level 5 in Dodging
 12337 | Orc:2    | Found Kumehoudd's Armour Shoppe.
 12347 | Orc:2    | Bought the +1 scale mail of Moebbout {+Blink Str+2 Dex+5
                  | Slay+5} for 763 gold pieces
 12732 | Orc:2    | Found a staircase to the Elven Halls.
 12738 | Orc:2    | Noticed Maurice
 12745 | Orc:2    | Killed Maurice
 12783 | Orc:2    | Noticed an orc knight
 12790 | Orc:2    | Noticed an orc knight
 12801 | Orc:2    | Killed an orc knight
 12802 | Orc:2    | Reached XP level 12. HP: 49/110 MP: 1/13
 12804 | Orc:2    | Noticed Saint Roka
 12824 | Orc:2    | Killed from afar by Saint Roka

Illustrated notes

Levels and vault maps discovered:
D:1:      scummos_arrival_forest, layout_basic,
          ebering_ecumenical_altar_petrified
D:2:      layout_basic, serial_shops, nicolae_square_shop, basic_altar,
          skrybe_limestone_x
D:3:      wander_river, layout_loops_corners, uniq_robin, uniq_grinder
D:4:      layout_gridville, gup_sewer_entry_bubbles, cheibrodos_gnoll_hut
D:5:      layout_basic, nemelex_diamond_rough_becter, temple_green
D:6:      layout_basic, minmay_door_square,
          hangedman_abyss_or_decor_lesser_grid, due_unseen_surprise, uniq_pikel
D:7:      layout_rooms
D:8:      layout_gridville, uniq_grum
D:9:      layout_irregular_city, serial_shops, shop
D:10:     layout_roguey, minmay_orc_entry_temple_large, uniq_fannar
D:11:     layout_roguey [special_room_orc], david_lair_shrubbed,
          nicolae_trove_entry_isolated, portal_ice_cave_entry_imps
Orc:1:    layout_diamond_mine, serial_shops, shop_statue, nicolae_orc_lava_tube,
          lemuel_statue_altar, uniq_nergalle, uniq_erica, uniq_josephine
Orc:2:    grunt_orc_community_town_hall, layout_diamond_mine,
          grunt_orc_community_big_house_1, grunt_orc_community_big_house_2,
          grunt_orc_community_house_1, grunt_orc_community_house_3,
          grunt_orc_community_house_1, grunt_orc_community_house_1,
          grunt_orc_community_house_1, grunt_orc_community_house_1,
          ebering_ghost_inner_flame, uniq_maurice

Skill      XL: |  1  2  3  4  5  6  7  8  9 10 11 12 |
---------------+-------------------------------------+-----
Shields        | 4 5 6 8 9 10 | 10.8
Fighting       | 4 5 6 8 9 10 11 | 11.6
Long Blades    | 3 4 5 6 7 9 10 | 10.3
Armour         | 4 5 6 8 9 10 11 | 11.6
Axes           | 2 7 |  7.3
Dodging        | 1 5 6 |  6.1
Invocations    | 3 |  3.7

Action                   |  1- 3 |  4- 6 |  7- 9 | 10-12 || total
-------------------------+-------+-------+-------+-------++-------
Melee: Long sword        |    87 |   109 |   179 |       ||   375
       Headbutt          |     9 |    23 |    55 |    77 ||   164
       Falchion          |       |       |    49 |    98 ||   147
       Battleaxe         |       |       |       |   162 ||   162
Invok: Wall of Briars    |       |       |     1 |     2 ||     3
 Abil: Evoke Blink       |       |       |       |     1 ||     1
Evoke: Wand              |       |       |       |     8 ||     8
  Use: Scroll            |     2 |       |     9 |    11 ||    22
       Potion            |       |     1 |     2 |     9 ||    12
 Stab: Sleeping          |       |       |       |     6 ||     6
       Distracted        |       |       |       |     2 ||     2
Armor: Scale mail        |    10 |       |       |    16 ||    26
       Chain mail        |    33 |    58 |   120 |    12 ||   223
       Shadow dragon sca |       |       |       |   161 ||   161
Dodge: Dodged            |    19 |    41 |    90 |   153 ||   303
Block: Buckler           |    24 |    44 |   108 |    43 ||   219

Table legend: (Time is in decaauts)
 A = Elapsed time spent in this place.
 B = Non-inter-level travel time spent in this place.
 C = Inter-level travel time spent in this place.
 D = Time resting spent in this place.
 E = Time spent auto-exploring this place.
 F = Levels seen in this place.
 G = Mean time per level.
                   A        B        C        D        E       F      G
               +--------+--------+--------+--------+--------+-----+--------+
         Total |  12998 |  12277 |    721 |   1237 |   6918 |  13 |  999.8 |
       Dungeon |  10896 |  10252 |    644 |    603 |   6555 |  11 |  990.5 |
  Orcish Mines |   2101 |   2024 |     77 |    634 |    363 |   2 | 1050.5 |
               +--------+--------+--------+--------+--------+-----+--------+

Top non-repeatable levels by time:
   Orc:1: 1509 daAuts
     D:2: 1468 daAuts
    D:10: 1272 daAuts
     D:6: 1212 daAuts
     D:5: 1183 daAuts
     D:8: 1170 daAuts
     D:4: 1044 daAuts
     D:1: 1038 daAuts
     D:3: 964 daAuts
     D:9: 921 daAuts
     D:7: 616 daAuts
   Orc:2: 591 daAuts
    D:11: 3 daAuts
